 Dungeon Crawl Stone Soup version 0.20.1-1-g8b1a95d (webtiles) character file.

151 dohliylev the Covert (level 5, -1/35 HPs)
             Began as a Vampire Enchanter on Dec 18, 2017.
             Killed from afar by Ijyb (14 damage)
             ... with a wand of lightning (?/15)
             ... on level 3 of the Dungeon.
             The game lasted 00:08:45 (2952 turns).

dohliylev the Covert (Vampire Enchanter)            Turns: 2952, Time: 00:08:46

Health: -1/35      AC:  4    Str:  7    XL:     5   Next: 11%
Magic:  2/8        EV: 12    Int: 18    God:
Gold:   158        SH:  4    Dex: 15    Spells: 2/8 levels left

rFire    . . .     SeeInvis +   a - +1 dagger
rCold    . . .     Gourm    .   o - +0 buckler
rNeg     + . .     Faith    .   q - +1 animal skin
rPois    .         Spirit   .   r - +0 helmet
rElec    .         Reflect  .   (no cloak)
rCorr    .         Harm     .   (no gloves)
MR       .....                  (no boots)
Stlth    ++++......             (no amulet)
Regen    0.2/turn               (no ring)
MPRegen  0.2/turn               (no ring)

@: very slightly contaminated
A: fangs 3, see invisible, unbreathing
a: Bat Form


You were on level 3 of the Dungeon.
You were not thirsty.

You visited 1 branch of the dungeon, and saw 4 of its levels.

You collected 158 gold pieces.

Inventory:

Hand Weapons
 a - a +1 dagger (weapon)
Armour
 o - a +0 buckler (worn)
 q - a +1 animal skin (worn)
 r - a +0 helmet (worn)
Scrolls
 e - 4 scrolls of identify
 g - 2 scrolls of magic mapping
 i - a scroll of teleportation {unknown}
 j - 3 scrolls of remove curse
 l - 2 scrolls of fog {unknown}
 m - a scroll of fear {unknown}
Potions
 b - 2 potions of lignification {unknown}
 d - 10 potions of blood
 f - 4 potions of curing {unknown}
 h - a potion of mutation {unknown}
 p - a potion of berserk rage {unknown}
Books
 c - a book of Maledictions

   Spells                             Type                      Level
   a - Corona                         Hexes                        1
   b - Ensorcelled Hibernation        Hexes/Ice                    2
   c - Confuse                        Hexes                        3
   d - Tukima's Dance                 Hexes                        3
   e - Dazzling Spray                 Conjuration/Hexes            3
 n - a book of Minor Magic

   Spells                             Type                      Level
   a - Magic Dart                     Conjuration                  1
   b - Blink                          Translocation                2
   c - Call Imp                       Summoning                    2
   d - Slow                           Hexes                        2
   e - Conjure Flame                  Conjuration/Fire             3
   f - Mephitic Cloud                 Conjuration/Poison/Air       3


   Skills:
 - Level 1.1 Short Blades
 - Level 2.1 Dodging
 - Level 8.8 Stealth
 + Level 0.5 Shields
 - Level 2.0 Spellcasting
 - Level 4.4 Hexes
 - Level 0.2 Ice Magic


You had 2 spell levels left.
You knew the following spells:

 Your Spells              Type           Power        Failure   Level  Hunger
a - Corona                Hex            ###....      4%          1    #......
b - Ensorcelled Hibernat  Hex/Ice        ##....       17%         2    ###....
c - Confuse               Hex            ###.....     14%         3    ###....


Dungeon Overview and Level Annotations

Branches:
Dungeon (4/15)
 Temple: D:4-7

Altars:
Gozag
Ru
Sif Muna

Annotations:
D:3 Ijyb
D:4 soepske's ghost, amateur DsAK


Innate Abilities, Weirdness & Mutations

You have razor-sharp teeth.
You have supernaturally acute eyesight. (SInv)
You can survive without breathing.


Message History

Ouch! That really hurt!
You start resting.
Casting: Ensorcelled Hibernation
Confirm with . or Enter, or press ? or * to list all spells.
Aiming: Ensorcelled Hibernation
Press: ? - help, Shift-Dir - straight line, f/p - Ijyb
Aim: Ijyb, wielding a club, wearing a leather armour and carrying a wand of lightning (?/15) {zapped: 4} (chance to defeat MR: 50%) Ijyb resists with some effort.
You are feeling thirsty.
Ijyb closely misses you.
Casting: Ensorcelled Hibernation
Confirm with . or Enter, or press ? or * to list all spells.
Aiming: Ensorcelled Hibernation
Press: ? - help, Shift-Dir - straight line, f/p - Ijyb
Aim: Ijyb, wielding a club, wearing a leather armour and carrying a wand of lightning (?/15) {zapped: 4} (chance to defeat MR: 50%)
You miscast Ensorcelled Hibernation.
You are very lightly contaminated with residual magic.
Nothing appears to happen.
Ijyb zaps a wand.
The bolt of lightning misses you.
Yummy - fresh blood!
Ijyb zaps a wand.
The bolt of lightning hits you!
You die...

............#.#
####........#
.........(.##.#####
#........#
...........##.....#
#........#
...........######.#
#........# ...........###
#.# ##.......#
.......##....#
##.#####...#####
#......##.b).# #..........#
#......##....# #........).#
#. .......##.####
#@.........# ##.#
.......##.#######g........#
....
.............g...######..>#
.... ...b...........# #.###
.... #..............# #.#
.... #..............# #.#
... #..............# #.# .#
#.g............# #.###
#............(.# #...# ##+#


You could see Ijyb.

Vanquished Creatures
  A scorpion (D:3)
  Robin (D:2)
  2 adders
  A worm (D:2)
  A dart slug (D:3)
  2 leopard geckos (D:1)
  3 giant cockroaches
  14 goblins
  8 hobgoblins
  5 jackals
  8 kobolds
  A ball python (D:1)
  5 bats (D:1)
  3 frilled lizards
  5 rats
60 creatures vanquished.

Notes
Turn   | Place    | Note
-------+----------+-------------------------------------------
     0 | D:1      | dohliylev the Vampire Enchanter began the quest for the Orb.
     0 | D:1      | Reached XP level 1. HP: 13/13 MP: 3/3
   108 | D:1      | Reached skill level 5 in Stealth
   334 | D:1      | Reached XP level 2. HP: 13/19 MP: 1/5
   356 | D:1      | Learned a level 2 spell: Ensorcelled Hibernation
   779 | D:1      | Reached skill level 6 in Stealth
  1026 | D:1      | Reached XP level 3. HP: 22/24 MP: 2/6
  1031 | D:1      | Learned a level 3 spell: Confuse
  1395 | D:2      | Found an opulent altar of Gozag.
  1416 | D:2      | Noticed Robin
  1976 | D:2      | Reached skill level 7 in Stealth
  2101 | D:2      | Killed Robin
  2143 | D:2      | Reached XP level 4. HP: 29/30 MP: 0/7
  2356 | D:3      | Found a sacrificial altar of Ru.
  2356 | D:3      | Found a deep blue altar of Sif Muna.
  2433 | D:3      | Reached skill level 8 in Stealth
  2433 | D:3      | Reached XP level 5. HP: 35/35 MP: 5/8
  2672 | D:3      | Noticed Ijyb
  2762 | D:4      | Noticed soepske's ghost (amateur DsAK)
  2952 | D:3      | Killed from afar by Ijyb

Skill      XL: |  1  2  3  4 |
---------------+-------------+-----
Stealth        | 5 6 7 8 |  8.8
Short Blades   | |  1.1
Dodging        | |  2.1
Shields        | |  0.5
Spellcasting   | |  2.0
Hexes          | |  4.4
Ice Magic      | |  0.2

Action                   |  1- 3 |  4- 6 || total
-------------------------+-------+-------++-------
Melee: Dagger            |    94 |    33 ||   127
       Bite              |     6 |     3 ||     9
 Cast: Corona            |    10 |     2 ||    12
       Ensorcelled Hiber |    30 |     7 ||    37
 Abil: End Transformatio |       |     1 ||     1
       Bat Form          |       |     1 ||     1
  Use: Potion            |     3 |     3 ||     6
       Scroll            |     2 |       ||     2
 Stab: Sleeping          |    25 |    10 ||    35
  Eat: Corpse            |     3 |       ||     3
Armor: Robe              |    16 |       ||    16
       Animal skin       |       |    12 ||    12
Dodge: Dodged            |    68 |    18 ||    86
Block: Buckler           |       |    11 ||    11
